 Dungeon Crawl Stone Soup version 0.16.0-8-gd9ae3a8 (console) character file.

233 gw the Conjurer (level 6, -2/44 HPs)
             Began as a Human Conjurer on Mar 16, 2015.
             Slain by an orc wizard
             ... wielding a +0 dagger
              (3 damage)
             ... on level 4 of the Dungeon.
             The game lasted 00:05:57 (4994 turns).

gw the Conjurer (Human Conjurer)                    Turns: 4994, Time: 00:05:57

Health: -2/44      AC:  4    Str:  9    XL:     6   Next: 25%
Magic:  4/13       EV: 12    Int: 17    God:
Gold:   209        SH:  0    Dex: 13    Spells: 4 memorised, 2 levels left

rFire  . . .     SeeInvis .     b - +0 war axe
rCold  . . .     Clarity  .     h - +0 leather armour
rNeg   . . .     SustAb   .     (no shield)
rPois  .         Gourm    .     (no helmet)
rElec  .         Spirit   .     (no cloak)
rCorr  .         Warding  .     e - +0 pair of gloves
rMut   .         Stasis   .     (no boots)
MR     .....                    (no amulet)
Stlth  ++........               (no ring)
                                (no ring)

@: starving, not resistant to hostile enchantments, unstealthy
A: no striking features
a: no special abilities


You were on level 4 of the Dungeon.
You were starving.

You visited 1 branch of the dungeon, and saw 4 of its levels.

You collected 209 gold pieces.

Inventory:

Hand weapons
 b - a +0 war axe (weapon)
Missiles
 d - 117 stones (quivered)
 g - 21 poisoned needles
Armour
 e - a +0 pair of gloves (worn)
 h - a +0 leather armour (worn)
Magical devices
 k - a wand of cold (4)
 o - a wand of digging (20)
Scrolls
 m - a scroll of identify
Potions
 a - a potion of resistance {unknown}
 l - 2 potions of curing
Books
 c - a book of Conjurations

   Spells                             Type                      Level
   a - Magic Dart                     Conjuration                  1
   b - Searing Ray                    Conjuration                  2
   c - Dazzling Spray                 Conjuration/Hexes            3
   d - Fulminant Prism                Conjuration/Hexes            4
   e - Iskenderun's Mystic Blast      Conjuration                  4
   f - Iskenderun's Battlesphere      Conjuration/Charms           5
Comestibles
 i - 2 royal jellies
 n - a bread ration
 p - 2 fruits
 q - a meat ration


   Skills:
 + Level 1.9 Fighting
 + Level 1.6 Axes
 + Level 2.2 Armour
 - Level 2.0 Dodging
 - Level 2.0 Stealth
 * Level 3.7 Spellcasting
 + Level 4.6 Conjurations


You had 2 spell levels left.
You knew the following spells:

 Your Spells              Type           Power        Failure   Level  Hunger
a - Magic Dart            Conj           ###.         3%          1    None
b - Searing Ray           Conj           ###...       6%          2    ##.....
c - Dazzling Spray        Conj/Hex       ##......     28%         3    ###....
d - Iskenderun's Mystic   Conj           ###.....     34%         4    ####...


Dungeon Overview and Level Annotations

Branches:
Dungeon (4/15)
 Temple: D:4-7

Altars:
Dithmenos
Elyvilon
Qazlal
Ru
Zin
The Shining One

Annotations:
D:4 Robin


Message History

Unknown command.
Unknown command.
Drink which item? (? for menu, Esc to quit)
You feel much better. The ogre misses you.
Unknown command.
Unknown command.
Unknown command.
ATTACKING (0,-1) Autopickup is now on.
Unknown command.
Unknown command.
Unknown command.
You hit the ogre but do no damage.
The ogre is severely wounded.
Something hits you.
Deactivating autopickup; reactivate with Ctrl-A.
The ogre hits you with a giant club!!
Ouch! That really hurt!
The jackal bites you. Something hits you.
You die...

..# ...
#.#.#..............# ###
..).#.#.#..............# #
.....#.#.#..............# #
.........#................
#
.........##.#..............
#
+#.........h#.#.#.........
#.......##h#h#.######...
#...###..hO......... #...
#(##p#.#.####. #.. #(#..#.#
#(#..#.# #.#..#.. #.#..###
#.#... #.#..# #.##.# #.....


You could see an ogre and 4 jackals.

Table legend:
 A = Turns spent in this place as a percentage of turns spent in the entire game.
 B = Non-inter-level travel turns spent in this place as a percentage of non-inter-level travel turns spent in the entire game.
 C = Inter-level travel turns spent in this place as a percentage of turns spent in this place.
 D = Turns resting spent in this place as a percentage of non-inter-level travel turns spent in this place.
 E = Turns spent auto-exploring this place as a percentage of non-inter-level travel turns spent in this place.
 F = Non-inter-level travel turns spent in this place divided by the number of levels of this place that you've seen.
                   A       B       C       D       E      F
               +-------+-------+-------+-------+-------+----------------------
         Total | 100.0 | 100.0 |   0.4 |   2.4 |   2.0 | 1712.2
       Dungeon | 100.0 | 100.0 |   0.4 |   2.4 |   2.0 | 1712.2
               +-------+-------+-------+-------+-------+----------------------

Table legend:
 A = Kills in this place as a percentage of kills in entire the game.
 B = Kills by you in this place as a percentage of kills by you in the entire game.
 C = Kills by friends in this place as a percentage of kills by friends in the entire game.
 D = Other kills in this place as a percentage of other kills in the entire game.
 E = Experience gained in this place as a percentage of experience gained in the entire game.
 F = Experience gained in this place divided by the number of levels of this place that you have seen.
                   A       B       C       D       E      F
               +-------+-------+-------+-------+-------+----------------------
         Total | 100.0 | 100.0 |  -nan |  -nan | 100.0 |  83.2
       Dungeon | 100.0 | 100.0 |  -nan |  -nan | 100.0 |  83.2
               +-------+-------+-------+-------+-------+----------------------

Vanquished Creatures
  Blork the orc (D:4)
  Jessica (D:3)
  A gnoll (D:1)
  5 adders
  2 giant mites
  A worm (D:2)
  4 oozes
  2 orcs (D:4)
  13 bats
  3 giant cockroaches
  9 hobgoblins
  7 kobolds
  3 giant geckos
  5 giant newts
  7 goblins
  8 rats
72 creatures vanquished.

Vanquished Creatures (others)
  A giant cockroach (D:4)
1 creature vanquished.

Grand Total: 73 creatures vanquished

Notes
Turn   | Place    | Note
--------------------------------------------------------------
     0 | D:1      | gw, the Human Conjurer, began the quest for the Orb.
     0 | D:1      | Reached XP level 1. HP: 13/13 MP: 3/3
   381 | D:1      | Reached XP level 2. HP: 19/19 MP: 0/4
   429 | D:1      | Learned a level 2 spell: Searing Ray
   664 | D:1      | Reached XP level 3. HP: 11/24 MP: 0/6
   823 | D:1      | Learned a level 3 spell: Dazzling Spray
  1693 | D:2      | Reached skill level 1 in Armour
  1931 | D:2      | Reached skill level 1 in Fighting
  1931 | D:2      | Reached XP level 4. HP: 24/32 MP: 2/8
  2213 | D:2      | Found a sacrificial altar of Ru.
  2213 | D:2      | Found a white marble altar of Elyvilon.
  2214 | D:2      | Found a glowing silver altar of Zin.
  2220 | D:2      | Found a glowing golden altar of the Shining One.
  2233 | D:2      | Found a shadowy altar of Dithmenos.
  2236 | D:2      | Found a stormy altar of Qazlal.
  2691 | D:2      | Reached skill level 1 in Axes
  2828 | D:2      | Learned a level 1 spell: Magic Dart
  3191 | D:3      | Reached XP level 5. HP: 37/37 MP: 2/11
  3265 | D:3      | Learned a level 4 spell: Iskenderun's Mystic Blast
  3860 | D:3      | Noticed Jessica
  3869 | D:3      | Killed Jessica
  4891 | D:4      | Noticed an ogre
  4909 | D:4      | Noticed Robin
  4921 | D:4      | Noticed an ogre
  4922 | D:4      | Noticed Blork the orc
  4952 | D:4      | Noticed an ogre
  4964 | D:4      | Killed Blork the orc
  4964 | D:4      | Reached XP level 6. HP: 15/44 MP: 0/13
  4985 | D:4      | HP: 2/44 [jackal (2)]
  4994 | D:4      | HP: 1/44 [jackal (2)]
  4994 | D:4      | Slain by an orc wizard

Action                   |  1- 3 |  4- 6 || total
-------------------------+-------+-------++-------
Melee: Hand axe          |     5 |     3 ||     8
       War axe           |       |     6 ||     6
       Unarmed           |       |    10 ||    10
Throw: Stone             |       |     2 ||     2
 Cast: Magic Dart        |    66 |   108 ||   174
       Dazzling Spray    |     2 |    11 ||    13
  Use: Scroll            |     3 |     5 ||     8
       Potion            |     2 |     7 ||     9
 Stab: Invisible         |     1 |       ||     1
  Eat: Chunk             |     3 |    10 ||    13

Vault maps used:
D:1:      minmay_arrival_diagonal_passages
D:2:      minmay_overflow_temple_hex
D:3:      corexii_corridor_pit, minmay_misc_feat_diagonals,
          columned_hall_lemuel, corexii_shack, wad_floor_pattern_1,
          kennysheep_generic_room_16, uniq_jessica
D:4:      first_bread, uniq_blork_the_orc, uniq_robin
